 Dungeon Crawl Stone Soup version 0.30.1-11-g7821555f0a (webtiles) character file.

Game seed: 17065651276975290970

58217 anacleto the Brawler (level 14, -2/114 HPs)
             Began as a Troll Gladiator on Dec 9, 2023.
             Was a High Priest of Qazlal.
             Slain by a large abomination (29 damage)
             ... on level 2 of the Abyss.
             The game lasted 01:20:38 (18438 turns).

anacleto the Brawler (Troll Gladiator)             Turns: 18438, Time: 01:20:39

Health: -2/114     AC: 14    Str: 39    XL:     14   Next: 48%
Magic:  15/19      EV: 12    Int:  4    God:    Qazlal [*****.]
Gold:   135        SH:  7    Dex:  9    Spells: 13/13 levels left

rFire   x .          .
                       - Unarmed
rCold   + + +        (no shield)
rNeg    . . .        i - +1 ice dragon scales
rPois   +            b - +0 hat
rElec   .            a - +1 cloak of Starlight {*Dazzle EV+4 Stlth--}
rCorr   .            (gloves unavailable)
SInv    .            (boots unavailable)
Will    +....        (no amulet) Stlth
                     e - ring "Zirphiampu" {rPois rC+ Str+4 Slay+5}
HPRegen 1.19/turn    H - +6 ring of strength
MPRegen 0.16/turn

%: repel missiles
@: no status effects
A: large, unfitting armour, claws 3, regeneration 1, shaggy fur 1, tough skin 1,
[clumsy 1]
a: Renounce Religion, Upheaval, Elemental Force, Disaster Area


You were on level 2 of the Abyss.
You worshipped Qazlal.
Qazlal was extremely pleased with you.
You visited 4 branches of the dungeon, and saw 18 of its levels.
You visited the Abyss 2 times.
You also visited: Ossuary, Bailey, Ice Cave and Volcano.

You collected 1462 gold pieces.
You spent 1327 gold pieces at shops.

Inventory:

Missiles
 c - a silver boomerang
 j - 8 curare-tipped darts
 o - 4 boomerangs (quivered)
 q - 20 poisoned darts
 r - 9 atropa-tipped darts
 w - 4 throwing nets
 z - 8 javelins
 V - 13 large rocks
Armour
 a - the +1 cloak of Starlight (worn) {*Dazzle EV+4 Stlth--}
   (You bought it in a shop on level 2 of the Orcish Mines)

   *Dazzle:   It may blind those who miss an attack against the wearer in melee
   combat.
   EV:        It affects your evasion (+4).
   Stlth:     It makes you much less stealthy.
 b - a +0 hat (worn)
 i - +1 ice dragon scales (worn)
 k - the +1 cloak of Valour {Regen+ Str+2 Dex+7 Stlth-}
   (You found it on level 2 of the Dungeon)

   Str:       It affects your strength (+2).
   Dex:       It affects your dexterity (+7).
   Regen:     It increases your rate of health regeneration.
   Stlth:     It makes you less stealthy.
Jewellery
 e - the ring "Zirphiampu" (left claw) {rPois rC+ Str+4 Slay+5}
   (You took it off a reaper in an ice cave)

   [ring of protection from cold]

   Str:       It affects your strength (+4).
   Slay:      It affects your accuracy & damage with ranged weapons and melee
   (+5).
   rC:        It protects you from cold.
   rPois:     It protects you from poison.
 h - a ring of see invisible
 n - a ring of flight
 E - a ring of resist corrosion
 H - a +6 ring of strength (right claw)
 O - a ring of poison resistance
Wands
 t - a wand of digging (3)
 I - a wand of paralysis (8)
 J - a wand of mindburst (18)
 N - a wand of acid (2)
 U - a wand of iceblast (4)
Scrolls
 m - 6 scrolls of silence
 p - 4 scrolls of magic mapping {unknown}
 s - 7 scrolls of vulnerability
 y - a scroll of enchant weapon {unknown}
 B - a scroll of identify
 C - 4 scrolls of fog
 L - 2 scrolls of poison {unknown}
 R - 6 scrolls of teleportation
Potions
 d - 3 potions of resistance {unknown}
 f - 2 potions of mutation {unknown}
 g - 3 potions of might {unknown}
 l - 4 potions of attraction
 u - 2 potions of cancellation {unknown}
 v - 3 potions of curing
 x - a potion of ambrosia {unknown}
 A - 4 potions of heal wounds {unknown}
 F - a potion of flight {unknown}
 G - a potion of haste {unknown}
 K - a potion of degeneration {unknown}
 M - 3 potions of magic {unknown}
 P - 3 potions of invisibility {unknown}
Miscellaneous
 D - a box of beasts


   Skills:
 - Level 1.5 Fighting
 + Level 12.9 Throwing
 - Level 2.4 Dodging
 - Level 1.9 Stealth
 * Level 19.3 Unarmed Combat
 - Level 8.7 Invocations


You had 13 spell levels left.
You didn't know any spells.
Your spell library contained the following spells:

 Spells                   Type           Power      Damage    Failure   Level
 Cigotuvi's Dreadful Rot  Necr/Pois/Air  0%         N/A       87%         2
 Call Canine Familiar     Summ           0%         N/A       98%         3
 Portal Projectile        Hex/Tloc       0%         N/A       98%         3
 Volatile Blastmotes      Fire/Tloc      0%         2d10      98%         3
 Dispel Undead            Necr           0%         3d6       100%        4
 Fulminant Prism          Conj/Hex       0%         3d5       100%        4
 Iskenderun's Mystic Bla  Conj/Tloc      0%         2d3       100%        4
 Leda's Liquefaction      Hex/Erth       0%         N/A       100%        4
 Lee's Rapid Deconstruct  Erth           0%         3d4*      100%        5
 Death Channel            Necr           0%         N/A       100%        6
 Simulacrum               Ice/Necr       0%         N/A       100%        6
 Ozocubu's Refrigeration  Ice            0%         4d7       100%        7
 Polar Vortex             Ice            0%         N/A       100%        9


Dungeon Overview and Level Annotations

Branches:
Dungeon (13/15)            Temple (1/1) D:4            Lair (2/5) D:11
    Orc (2/2) D:9             Elf (0/3) Orc:2       Ossuary (visited)
 Bailey (visited)           IceCv (visited)         Volcano (visited)
  Swamp: Lair:2-3    Shoals: Lair:2-3     Snake: Lair:2-3    Spider: Lair:2-3
 Vaults: D:13-14

Altars:
Ashenzari
Dithmenos
Elyvilon
Kikubaaqudgha
Qazlal
Ru
Vehumet
Wu Jian
The Shining One

Shops:
D:5 [   Orc:2 *(:[

Annotations:
Lair:1 1 runed translucent door, Glitchless's ghost, journeyman MiBe


Innate Abilities, Weirdness & Mutations

You are too large for most types of armour.
You have claws for hands.
Your natural rate of healing is unusually fast.
You are covered in fur. (AC +1)
You have tough skin. (AC +1)
[You are clumsy. (Dex -2)]


Message History

Your air elemental completely misses the glowing orange brain.
Your fire elemental hits the glowing orange brain.
Your fire elemental burns the glowing orange brain!
Something barely misses your fire elemental.
You feel better.
You feel less protected from physical attacks.
The glowing orange brain is no longer paralysed.
Your air elemental hits the glowing orange brain.
The glowing orange brain dies!
Qazlal accepts your kill.
Your air elemental hits something!
The smoke demon gestures at you. Something smites you!
* * * LOW HITPOINT WARNING * * *
Your fire elemental hits the large abomination.
Your fire elemental burns the large abomination!
The large abomination hits your fire elemental!!
Something touches your fire elemental but does no damage.
Your air elemental hits something but does no damage.
Your air elemental hits something.
Your fire elemental hits the large abomination.
Your fire elemental burns the large abomination!
Your air elemental hits something!
The large abomination hits your fire elemental.
Something barely misses your fire elemental.
You feel your health improve.
Your air elemental hits something!
Your fire elemental barely misses the large abomination.
Your air elemental barely misses something.
Something touches your fire elemental.
Your fire elemental is destroyed!
Your fire elemental disappears in a puff of smoke!
Your air elemental hits something.
Your air elemental hits something!
The smoke demon barely misses your air elemental.
The smoke demon hits your air elemental but does no damage.
The smoke demon closely misses your air elemental.
Your air elemental fires a burst of electricity past the large abomination.
The stunning burst hits something but does no damage.
The large abomination hits you!!
You die...

.. . ~≈# .# . ~.
≈.. . §≈#.. # .
#~#.#.#. #
..~...#.## ..
#..~..○3..###...
. #
#≈~.##EX#○..# ~
#..°.@§..# #
#.#°.°##.# # #
.#)#.#...#
#.#..)##
..#.#.##
.~...#.#... #
... .#..# .. .#
.. #...##.### .#
# ~~# # .


You could see a large abomination, a smoke demon and a friendly air elemental
(summoned).

Vanquished Creatures
  Saint Roka (Orc:2)
  A bone dragon (Abyss:2)
  Gastronok (D:8)
  A tentacled starspawn (Abyss:2)
  A reaper (IceCv)
  A hydra (D:11)
  Harold (Lair:2)
  Erica (D:9)
  A spriggan skeleton (Abyss:2)
  3 two-headed ogres
  2 boulder beetles
  An orc high priest (Orc:2)
  2 alligators (Lair:1)
  Nergalle (Orc:1)
  A sun demon (D:12)
  A wretched star (Abyss:2)
  Sonja (Orc:2)
  3 large abominations (Abyss:2)
  4 orc knights
  4 orc sorcerers
  3 deep elf pyromancers
  3 cyclopes
  3 manticores (D:12)
  4 elephants (Lair:2)
  6 salamanders (Volcano)
  Maurice (D:9)
  2 rust devils
  3 molten gargoyles (Volcano)
  4 cane toads
  2 ice statues (IceCv)
  2 smoke demons (Abyss:2)
  3 black mambas
  4 gargoyles
  Psyche (D:7)
  A rime drake (Lair:1)
  2 komodo dragons (Lair:1)
  An efreet (Abyss:2)
  An unseen horror (D:11)
  A freezing wraith (IceCv)
  A kobold demonologist (D:11)
  5 ice devils (IceCv)
  An ancient zyme (Abyss:2)
  4 meliai
  2 polar bears
  5 trolls
  A hellwing (D:12)
  A shadow (D:12)
  2 vampires
  3 wraiths
  2 fire bats (Lair:2)
  6 wyverns
  3 steam dragons
  29 yaks
  Grum (D:8)
  3 basilisks
  8 vampire mosquitoes
  7 water moccasins
  An acid dragon (D:9)
  4 wargs
  3 sky beasts
  24 orc warriors
  4 black bears
  4 ogres
  3 centaurs
  8 wolves
  A kobold brigand (D:10)
  8 bullfrogs
  3 small abominations (Abyss:2)
  3 cane toad simulacra (IceCv)
  2 scorpions
  6 two-headed ogre simulacra (IceCv)
  11 wights
  2 water moccasin zombies (Ossuary)
  5 elephant simulacra (IceCv)
  4 killer bees (D:8)
  7 electric eels
  2 howler monkeys (D:8)
  9 vampire bats (Bailey)
  8 wolf zombies (Bailey)
  A quasit (Abyss:2)
  2 hounds (D:5)
  3 jellies
  A gnoll bouda (D:8)
  17 orc priests
  A sleepcap (D:5)
  4 iguanas
  A hell rat (Lair:1)
  23 orc wizards
  2 spriggan simulacra (IceCv)
  2 troll simulacra (IceCv)
  2 mummies (Ossuary)
  7 gnolls
  3 naga simulacra (IceCv)
  6 adders
  3 white imps
  3 ufetubi
  2 adder zombies (Ossuary)
  2 worms
  5 dart slugs
  69 orcs
  4 ball pythons
  3 bats
  6 endoplasms
  A giant cockroach (D:1)
  5 goblins
  7 hobgoblins
  2 jackals (D:1)
  4 quokkas
  6 frilled lizards
  5 gnoll zombies (Ossuary)
  8 hobgoblin zombies (Ossuary)
  14 kobolds
  4 kobold zombies (Ossuary)
  28 orc zombies
  6 rats
547 creatures vanquished.

Vanquished Creatures (collateral kills)
  A glowing orange brain (Abyss:2)
  A lurking horror (Abyss:2)
2 creatures vanquished.

Vanquished Creatures (others)
  An orc wizard (Orc:2)
  An orc (D:8)
  2 starspawn tentacles (Abyss:2)
4 creatures vanquished.

Grand Total: 553 creatures vanquished

Notes
Turn   | Place    | Note
-------+----------+-------------------------------------------
     0 | D:1      | anacleto the Troll Gladiator began the quest for the Orb.
     0 | D:1      | Reached XP level 1. HP: 19/19 MP: 0/0
    99 | D:1      | Reached XP level 2. HP: 27/27 MP: 1/1
   266 | D:1      | Reached skill level 4 in Unarmed Combat
   470 | D:1      | Found a faded altar of an unknown god.
   537 | D:1      | Reached XP level 3. HP: 33/33 MP: 2/2
   585 | D:2      | Identified the +1 cloak of Valour {Regen+ Str+2 Dex+7
                  | Stlth-}
   829 | D:2      | You fall into a shaft and drop 1 floor!
   892 | D:3      | Reached XP level 4. HP: 41/41 MP: 3/3
   924 | D:3      | Reached skill level 5 in Unarmed Combat
  1037 | D:3      | Found a broken altar of Ashenzari.
  1268 | D:3      | Identified the +7 dagger of the Lettuce {holy, *Noise rF+
                  | Dex+2}
  1673 | D:4      | Found a staircase to the Ecumenical Temple.
  1683 | Temple   | Entered the Ecumenical Temple
  1688 | Temple   | Became a worshipper of Qazlal Stormbringer
  1699 | D:4      | Reached XP level 5. HP: 48/48 MP: 4/4
  1765 | D:4      | Identified the +0 robe "Sire" {*Slow rC+ Str+7 Int-3}
  2097 | D:4      | Reached skill level 6 in Unarmed Combat
  2187 | D:5      | Entered Level 5 of the Dungeon
  2263 | D:5      | Found Nen Puj's Armour Emporium.
  2315 | D:5      | Noticed a black bear
  2324 | D:5      | Killed a black bear
  2325 | D:5      | Reached XP level 6. HP: 55/55 MP: 5/5
  2857 | D:5      | Reached skill level 7 in Unarmed Combat
  2917 | D:5      | Reached skill level 1 in Stealth
  3447 | D:6      | Noticed a water moccasin
  3460 | D:6      | Killed a water moccasin
  3461 | D:6      | Reached XP level 7. HP: 21/62 MP: 6/6
  3597 | D:6      | Found a shadowy altar of Dithmenos.
  3600 | D:6      | Found an ornate altar of the Wu Jian Council.
  3625 | D:6      | Reached skill level 8 in Unarmed Combat
  3691 | D:6      | Reached * piety under Qazlal
  3943 | D:5      | Reached skill level 9 in Unarmed Combat
  3967 | D:5      | Reached XP level 8. HP: 65/67 MP: 7/7
  4163 | D:7      | Found a sand-covered staircase.
  4168 | Ossuary  | Entered an ossuary
  4335 | Ossuary  | Reached skill level 10 in Unarmed Combat
  5205 | D:7      | Reached ** piety under Qazlal
  5425 | D:7      | Reached skill level 11 in Unarmed Combat
  5791 | D:8      | Noticed Grum
  5798 | D:8      | Reached XP level 9. HP: 66/76 MP: 8/8
  5810 | D:8      | Killed Grum
  5854 | D:8      | Identified the +6 flail of the Magi {elec, rN+ Will+}
  5873 | D:8      | Noticed Psyche
  6082 | D:8      | Reached skill level 5 in Throwing
  6227 | D:8      | Noticed Gastronok
  6261 | D:8      | Killed Gastronok
  6262 | D:8      | Reached skill level 12 in Unarmed Combat
  6262 | D:8      | Reached XP level 10. HP: 62/85 MP: 9/9
  6651 | D:9      | Noticed a two-headed ogre
  6661 | D:8      | Killed a two-headed ogre
  6780 | D:8      | Reached skill level 13 in Unarmed Combat
  7023 | D:9      | Found a flagged portal.
  7108 | Bailey   | Entered a bailey
  7272 | Bailey   | Reached *** piety under Qazlal
  7322 | Bailey   | Noticed a gargoyle
  7375 | Bailey   | Killed a gargoyle
  7482 | Bailey   | Reached skill level 14 in Unarmed Combat
  7965 | D:9      | Reached XP level 11. HP: 41/92 MP: 10/10
  8021 | D:9      | Reached **** piety under Qazlal
  8316 | D:9      | Found a staircase to the Orcish Mines.
  8465 | D:9      | Noticed Erica
  8487 | D:9      | Killed Erica
  8823 | Orc:1    | Entered Level 1 of the Orcish Mines
  8823 | Orc:1    | Noticed Maurice
  8866 | D:10     | Entered Level 10 of the Dungeon
  8930 | D:10     | Reached skill level 15 in Unarmed Combat
  9446 | D:10     | Noticed a two-headed ogre
  9452 | D:10     | Killed a two-headed ogre
 10098 | D:11     | Noticed a two-headed ogre
 10111 | D:11     | Killed a two-headed ogre
 10129 | D:11     | Identified the +1 sling of the Priest {antimagic, rF+ Str+3
                  | Stlth+}
 10233 | D:11     | Found a staircase to the Lair.
 10298 | D:11     | Noticed a boulder beetle
 10306 | D:11     | Killed a boulder beetle
 10307 | D:11     | Reached skill level 16 in Unarmed Combat
 10614 | D:12     | Reached XP level 12. HP: 93/100 MP: 11/11
 10658 | D:12     | Reached skill level 10 in Throwing
 10658 | D:12     | Found a frozen archway.
 10784 | D:7      | Killed Psyche
 11140 | IceCv    | Entered an ice cave
 11552 | IceCv    | Reached ***** piety under Qazlal
 11566 | IceCv    | Reached skill level 17 in Unarmed Combat
 11591 | IceCv    | Identified the ring "Zirphiampu" {rPois rC+ Str+4 Slay+5}
 11591 | IceCv    | Noticed a reaper
 11606 | IceCv    | Killed a reaper
 12184 | D:9      | Killed Maurice
 12743 | Orc:2    | Entered Level 2 of the Orcish Mines
 12907 | Orc:2    | Reached skill level 1 in Invocations
 12963 | Orc:2    | Found a staircase to the Elven Halls.
 13302 | Orc:2    | Noticed Nergalle
 13383 | Orc:1    | Killed Nergalle
 13384 | Orc:1    | Reached XP level 13. HP: 103/106 MP: 8/14
 13440 | Orc:2    | Noticed Saint Roka
 13453 | Orc:2    | Killed Saint Roka
 13454 | Orc:2    | Reached skill level 5 in Invocations
 14077 | Orc:2    | Found Wipeef's Book Emporium.
 14337 | Orc:2    | Found Qelaemeiwoq's Antique Armour Emporium.
 14475 | Orc:2    | Found Xoanopue's Antique Weapon Emporium.
 14490 | Orc:2    | Found Kyhecs's General Store.
 14650 | D:5      | Bought +0 ice dragon scales for 900 gold pieces
 15032 | Orc:1    | Noticed Sonja
 15048 | Abyss:1  | Cast into level 1 of the Abyss (Sonja)
 15082 | Orc:2    | Escaped the Abyss
 15086 | Orc:2    | Killed Sonja
 16099 | Lair:1   | Entered Level 1 of the Lair of Beasts
 16134 | Lair:1   | Found a runed translucent door.
 16136 | Lair:1   | Noticed Glitchless's ghost (journeyman MiBe)
 16152 | Lair:1   | Identified the +4 trident of Winter {spect, rElec rPois
                  | Will+}
 16346 | Orc:2    | Bought the +1 cloak of Starlight {*Dazzle EV+4 Stlth--} for
                  | 427 gold pieces
 16346 | Orc:2    | Found the +1 cloak of Starlight {*Dazzle EV+4 Stlth--}
 17476 | Lair:2   | Reached skill level 18 in Unarmed Combat
 17726 | Lair:2   | Identified the +3 trident of the Shoals {heavy, rElec rPois
                  | Will+}
 17784 | Lair:2   | Noticed Harold
 17788 | Lair:2   | Killed Harold
 17831 | Lair:2   | Reached XP level 14. HP: 114/114 MP: 19/19
 18011 | Lair:2   | Found a dark tunnel.
 18020 | Volcano  | Entered a volcano
 18190 | Abyss:2  | Cast into level 2 of the Abyss (a wizard)
 18196 | Abyss:2  | Found a stormy altar of Qazlal.
 18274 | Abyss:2  | Reached ****** piety under Qazlal
 18313 | Abyss:2  | Noticed a tentacled starspawn
 18322 | Abyss:2  | Killed a tentacled starspawn
 18323 | Abyss:2  | Reached skill level 19 in Unarmed Combat
 18381 | Abyss:2  | Noticed a bone dragon
 18393 | Abyss:2  | Killed a bone dragon
 18426 | Abyss:2  | Noticed a lich
 18438 | Abyss:2  | Slain by a large abomination

Illustrated notes

Levels and vault maps discovered:
D:1:      eino_arrival_tree_alley, layout_rooms,
          shapermc_ecumenical_altar_mp_urbaneastern, item_on_display_a
D:2:      layout_rooms, uniq_crazy_yiuf_cottage
D:3:      layout_basic, nicolae_ashenzari_skybound
D:4:      layout_loops_ring, minmay_temple_entry_mini_moons
D:5:      layout_layer_cave, serial_shops, shop, chequers_serial_rivers_micro_d,
          dk_noncrumbling_4, hangedman_decor_lopped
D:6:      layout_gridville, nicolae_overflow_squiral
D:7:      layout_layer_cave, enter_ossuary_2, serial_bayou, serial_bayou_lake_a,
          serial_bayou_ford_a, serial_bayou_shore_b, serial_bayou_pond_c,
          reono_crystal_passage
D:8:      layout_cave_pools, kennysheep_opposing_triangles, uniq_psyche,
          uniq_gastronok, uniq_grum
D:9:      layout_roguey, david_orc_5, enter_bailey_6, uniq_erica
D:10:     layout_roguey, corexii_hall_statues_s
D:11:     layout_rooms, lair_entry_dummy
D:12:     layout_gridville, portal_ice_cave_entry_pillars_1
D:13:     layout_cave_pools, serial_demonic, serial_demonic_d, serial_demonic_d,
          serial_demonic_e, serial_demonic_a
Temple:   compressed_dpeg_triangle_lava_temple
Lair:1:   layout_gridlike, ebering_ghost_funeral_grove,
          nicolae_lair_lakeside_cave, infiniplex_staircase_pool
Lair:2:   layout_roguey, nicolae_volcano_entry_batcave, grunt_megastairs_1,
          uniq_harold
Orc:1:    layout_caves, uniq_sonja, uniq_maurice
Orc:2:    grunt_orc_cross, layout_caves, rock_pile
Abyss:2:  base:
D:10
Volcano:  hellmonk_zot_springs

Skill      XL: |  1  2  3  4  5  6  7  8  9 10 11 12 13 14 |
---------------+-------------------------------------------+-----
Unarmed Combat | 4 5 6 7 9 11 12 14 16 17 18 19 | 19.3
Stealth        | 1 |  1.9
Throwing       | 3 7 8 9 11 12 | 12.9
Invocations    | 3 8 |  8.7
Fighting       | |  1.5
Dodging        | |  2.4

Action                     |  1- 3 |  4- 6 |  7- 9 | 10-12 | 13-15 || total
---------------------------+-------+-------+-------+-------+-------++-------
  Melee: Unarmed           |   109 |   108 |   185 |   438 |   285 ||  1125
         Punch             |     2 |     1 |     9 |    40 |    28 ||    80
  Throw: Throwing net      |       |     3 |     2 |     2 |     2 ||     9
         Large rock        |       |     1 |     1 |     3 |    17 ||    22
         Dart              |       |     1 |       |    47 |    18 ||    66
         Boomerang         |       |       |    64 |   114 |    79 ||   257
         Javelin           |       |       |       |    20 |    10 ||    30
 Invoke: Upheaval          |       |       |     2 |       |       ||     2
         Elemental Force   |       |       |       |     1 |     1 ||     2
  Evoke: Wand              |       |       |     6 |    16 |     7 ||    29
         Box of beasts     |       |       |       |       |     1 ||     1
    Use: Scroll            |       |     4 |     7 |     2 |     9 ||    22
         Potion            |       |       |     3 |    13 |     1 ||    17
   Stab: Held in net/web   |       |     1 |       |       |     1 ||     2
         Sleeping          |       |       |     1 |       |       ||     1
         Invisible         |       |       |       |     2 |     5 ||     7
         Paralysed         |       |       |       |       |     2 ||     2
         Distracted        |       |       |       |       |     1 ||     1
 Armour: Robe              |    49 |    31 |    57 |    78 |       ||   215
         Skin              |       |       |       |    13 |       ||    13
         Troll leather arm |       |       |       |    52 |    19 ||    71
         Ice dragon scales |       |       |       |       |   114 ||   114
  Dodge: Dodged            |    56 |    37 |   112 |   243 |   166 ||   614
         Repelled          |       |       |       |     4 |     2 ||     6
  Block: Other             |       |       |     9 |   101 |    99 ||   209
